 Dungeon Crawl Stone Soup version 0.22-a0-136-g83a10e5 (webtiles) character file.

2139 tilp the Spear-Bearer (level 9, -1/65 HPs)
             Began as a Merfolk Ice Elementalist on Feb 2, 2018.
             Was a Follower of Makhleb.
             Slain by a phantasmal warrior (14 damage)
             ... led by a death knight
             ... on level 7 of the Dungeon.
             The game lasted 00:27:21 (9990 turns).

tilp the Spear-Bearer (Merfolk Ice Elementalist)    Turns: 9990, Time: 00:27:21

Health: -1/65      AC:  3    Str:  9    XL:     9   Next: 30%
Magic:  12/12      EV: 15    Int: 17    God:    Makhleb [*.....]
Gold:   336        SH:  0    Dex: 14    Spells: 6/12 levels left

rFire    . . .     SeeInvis .   x - +0 halberd
rCold    + . .     Gourm    .   (shield currently unavailable)
rNeg     . . .     Faith    .   a - +0 robe
rPois    .         Spirit   .   (no helmet)
rElec    .         Reflect  .   (no cloak)
rCorr    .         Harm     .   (no gloves)
MR       .....                  j - +0 pair of boots
Stlth    ++........             y - amulet of rage
HPRegen  0.20/turn              n - ring of protection from cold
MPRegen  0.13/turn              (no ring)

@: vulnerable
A: change form in water, swift swim, stealthy swim
a: Renounce Religion, Evoke Berserk Rage


You were on level 7 of the Dungeon.
You worshipped Makhleb.
Makhleb was aware of your devotion.
You were very hungry.

You visited 1 branch of the dungeon, and saw 7 of its levels.

You collected 336 gold pieces.

Inventory:

Hand Weapons
 q - a cursed -3 hand axe
 s - a +1 spear of venom
 t - a cursed -2 hunting sling
 x - a +0 halberd (weapon)
 z - a cursed -1 hand axe
Missiles
 r - 166 stones (quivered)
 D - 28 sling bullets
Armour
 a - a +0 robe (worn)
 j - a +0 pair of boots (worn)
Jewellery
 f - a cursed -3 ring of intelligence {unknown}
 n - a ring of protection from cold (left hand)
 y - an amulet of rage (around neck)
Wands
 h - a wand of digging (11)
 w - a wand of flame (83)
 E - a wand of iceblast (12)
Scrolls
 d - 3 scrolls of remove curse
 m - a scroll of blinking
 o - 3 scrolls of teleportation
 u - a scroll of magic mapping {unknown}
 v - a scroll of immolation {unknown}
 B - 3 scrolls of fog
 F - a scroll of enchant weapon {unknown}
Potions
 e - a potion of magic
 g - a potion of flight
 i - a potion of mutation {unknown}
 k - 4 potions of curing
 l - a potion of invisibility {unknown}
 p - a potion of lignification
 C - a potion of heal wounds
Books
 b - a book of Frost

   Spells                             Type                      Level
   a - Freeze                         Ice                          1
   b - Throw Frost                    Conjuration/Ice              2
   c - Ozocubu's Armour               Charms/Ice                   3
   d - Throw Icicle                   Conjuration/Ice              4
   e - Summon Ice Beast               Ice/Summoning                4
 A - a book of Cantrips

   Spells                             Type                      Level
   a - Confusing Touch                Hexes                        1
   b - Animate Skeleton               Necromancy                   1
   c - Summon Small Mammal            Summoning                    1
   d - Apportation                    Translocation                1
Comestibles
 c - 8 rations


   Skills:
 - Level 4.1 Fighting
 - Level 12.0 Polearms
 + Level 5.1 Dodging
 - Level 2.1 Stealth
 - Level 2.0 Spellcasting
 - Level 0.7 Conjurations
 - Level 4.2 Charms
 - Level 6.2 Ice Magic


You had 6 spell levels left.
You knew the following spells:

 Your Spells              Type           Power        Failure   Level  Hunger
a - Freeze                Ice            ###.         1%          1    #......
b - Throw Frost           Conj/Ice       ##....       7%          2    ###....
c - Ozocubu's Armour      Chrm/Ice       ###.....     7%          3    ###....


Dungeon Overview and Level Annotations

Branches:
Dungeon (7/15)             Temple (0/1) D:7

Altars:
Makhleb
Nemelex Xobeh
Qazlal
Ru

Annotations:
D:7 death knight


Message History

The stone hits the slime creature.
The slime creature is lightly wounded.
Two slime creatures merge to form a large slime creature.
There is an open door here.
There is an open door here.
A freezing wraith comes into view. 2 wraiths come into view.
The orc shouts!
The death knight shouts!
The death knight offers itself to Yredelemnul, and fills with unholy energy.
The phantasmal warrior blinks!
The phantasmal warrior hits you!
Your magical defenses are stripped away!
The death knight's dark mirror aura disappears.
The phantasmal warrior hits you. The phantasmal warrior hits you!!!
Ouch! That really hurt!
* * * LOW HITPOINT WARNING * * *
There is an escape hatch in the ceiling, spattered with blood here.
The phantasmal warrior hits you!
You die...

######### ........#
#.....>.# #.W.....#
######## #.......#
#......# #.......#
#......# ###
##.....W#######.>....###.#
.#.......W.op..W.....'...#
.#..W.W.#######W@....###.#
P#......# #......# #.#
P#......# #......# #.#
P#......# #......# #.#
#####...# #......# #.# ..
#...# #......# #.#
..###...# #......# ###
........# #####......#
.(J....# #.....######


You could see a death knight, a phantasmal warrior, a freezing wraith, a wraith
and an orc.

Vanquished Creatures
  A hungry ghost (D:7)
  A water moccasin (D:6)
  Duvessa (D:7)
  2 orc warriors
  A phantom (D:3)
  A centaur (D:5)
  3 ogres
  3 bullfrogs
  Dowan (D:7)
  2 scorpions
  A crimson imp (D:6)
  A bullfrog zombie (D:6)
  3 hounds
  4 orc priests
  2 bullfrog skeletons
  Jessica (D:2)
  3 orc wizards
  4 worker ants
  A hound zombie (D:4)
  2 howler monkey zombies
  3 worker ant zombies
  4 gnolls (D:7)
  10 adders
  An adder zombie (D:4)
  3 adder skeletons
  2 dart slugs
  7 leopard geckos
  17 orcs
  10 bats
  5 giant cockroaches
  4 goblins
  4 hobgoblins
  15 jackals
  3 kobolds
  A quokka (D:5)
  A ball python (D:2)
  7 frilled lizards
  A leopard gecko skeleton (D:7)
  A quokka zombie (D:5)
  4 rats
141 creatures vanquished.

Vanquished Creatures (others)
  2 fungi (D:7)
  4 plants (D:7)
6 creatures vanquished.

Grand Total: 147 creatures vanquished

Notes
Turn   | Place    | Note
-------+----------+-------------------------------------------
     0 | D:1      | tilp the Merfolk Ice Elementalist began the quest for the Orb.
     0 | D:1      | Reached XP level 1. HP: 13/13 MP: 3/3
   396 | D:1      | Reached XP level 2. HP: 17/19 MP: 1/5
   726 | D:1      | Reached skill level 1 in Polearms
   733 | D:1      | Learned a level 2 spell: Throw Frost
  1054 | D:2      | Reached skill level 2 in Polearms
  1054 | D:2      | Reached XP level 3. HP: 24/24 MP: 3/6
  1219 | D:2      | Reached skill level 3 in Polearms
  1320 | D:2      | Reached skill level 4 in Polearms
  1511 | D:2      | Reached XP level 4. HP: 30/30 MP: 7/7
  1695 | D:2      | Noticed Jessica
  1728 | D:2      | Noticed an earth elemental
  1731 | D:2      | Found a stormy altar of Qazlal.
  1732 | D:2      | Noticed a water elemental
  1733 | D:2      | Noticed a fire elemental
  1733 | D:2      | Noticed an air elemental
  2386 | D:3      | Noticed a phantom
  2542 | D:3      | Found a sparkling altar of Nemelex Xobeh.
  2624 | D:3      | Reached skill level 5 in Polearms
  2967 | D:3      | Reached XP level 5. HP: 29/35 MP: 3/8
  3175 | D:4      | Reached skill level 6 in Polearms
  3630 | D:3      | Learned a level 3 spell: Ozocubu's Armour
  3759 | D:4      | Reached skill level 7 in Polearms
  3979 | D:4      | Reached XP level 6. HP: 38/41 MP: 9/9
  4030 | D:4      | Reached skill level 8 in Polearms
  4674 | D:4      | Reached skill level 9 in Polearms
  4996 | D:4      | Found a burning altar of Makhleb.
  5002 | D:4      | Became a worshipper of Makhleb the Destroyer
  5095 | D:4      | Reached XP level 7. HP: 29/46 MP: 5/10
  5292 | D:2      | Killed Jessica
  5380 | D:3      | Reached skill level 10 in Polearms
  5471 | D:5      | Entered Level 5 of the Dungeon
  5630 | D:5      | HP: 1/46 [centaur/arrow (7)]
  5818 | D:5      | Reached skill level 11 in Polearms
  6228 | D:5      | Reached XP level 8. HP: 46/52 MP: 5/11
  6424 | D:5      | Reached skill level 12 in Polearms
  7753 | D:6      | Reached skill level 5 in Ice Magic
  7961 | D:6      | Reached skill level 1 in Fighting
  8363 | D:6      | Reached XP level 9. HP: 38/62 MP: 6/12
  8893 | D:7      | Reached * piety under Makhleb
  8901 | D:7      | Noticed a death knight
  8909 | D:7      | Noticed a phantasmal warrior
  9101 | D:7      | Found a sacrificial altar of Ru.
  9275 | D:7      | Found a staircase to the Ecumenical Temple.
  9275 | D:7      | Noticed Duvessa
  9275 | D:7      | Noticed Dowan
  9295 | D:7      | Killed Duvessa
  9301 | D:7      | Killed Dowan
  9870 | D:7      | Reached skill level 5 in Dodging
  9979 | D:7      | Noticed a freezing wraith
  9990 | D:7      | Slain by a phantasmal warrior

Vault maps used:
D:1:      lightli_arrival_farm
D:2:      nicolae_qazlal_style_of_elements, minmay_tetromino_o2, uniq_jessica
D:3:      nemelex_lonely_heart_becter
D:4:      marbit_many_paths, first_ration, serial_undead, serial_undead_c,
          serial_undead_c, serial_undead_d, serial_undead_e
D:5:      minmay_diamond_boxcup, minivault_27
D:7:      overflow_temple_1_default, nicolae_ru_the_path_less_chosen,
          minmay_temple_entry_steel_oval, serial_shops, shop,
          hangedman_abyss_or_decor_passed, uniq_duvessa

Skill      XL: |  1  2  3  4  5  6  7  8  9 |
---------------+----------------------------+-----
Ice Magic      | 4 6 |  6.2
Polearms       | 2 4 5 7 9 11 12 | 12.0
Charms         | 4 |  4.2
Fighting       | 2 4 |  4.1
Dodging        | 5 |  5.1
Stealth        | |  2.1
Spellcasting   | |  2.0
Conjurations   | |  0.7

Action                   |  1- 3 |  4- 6 |  7- 9 || total
-------------------------+-------+-------+-------++-------
Melee: Spear             |    54 |   195 |   184 ||   433
       Halberd           |       |       |    88 ||    88
Throw: Stone             |       |       |    16 ||    16
 Cast: Freeze            |    30 |    27 |    42 ||    99
       Throw Frost       |     4 |     9 |    27 ||    40
       Ozocubu's Armour  |       |     3 |    12 ||    15
Evoke: Wand              |       |       |     2 ||     2
  Use: Scroll            |       |     7 |     5 ||    12
       Potion            |       |       |     6 ||     6
 Stab: Sleeping          |     2 |    11 |     2 ||    15
       Distracted        |       |     1 |     1 ||     2
  Eat: Chunk             |     3 |    10 |    12 ||    25
       Ration            |       |     1 |     3 ||     4
Armor: Robe              |    13 |    14 |    23 ||    50
       Skin              |       |       |     5 ||     5
Dodge: Dodged            |    57 |    92 |   114 ||   263

Table legend:
 A = Spawn XP
 B = Non-spawn XP
 C = Spawn XP percentage of total XP
 D = Spawn monster count
 E = Non-spawn monster count
 F = Spawn count percentage of total count
 G = Total turns spent on level
                    A         B        C        D         E        F      G
               +---------+---------+-------+---------+---------+-------+---------
         Total |       0 |    3056 |   0.0 |       0 |     141 |   0.0 |  9990
               +---------+---------+-------+---------+---------+-------+---------
           D:1 |       0 |      30 |   0.0 |       0 |      15 |   0.0 |  1186
           D:2 |       0 |     114 |   0.0 |       0 |      21 |   0.0 |  1128
           D:3 |       0 |     186 |   0.0 |       0 |      21 |   0.0 |  1542
           D:4 |       0 |     484 |   0.0 |       0 |      32 |   0.0 |  1792
           D:5 |       0 |     641 |   0.0 |       0 |      22 |   0.0 |  1436
           D:6 |       0 |     946 |   0.0 |       0 |      17 |   0.0 |  1959
           D:7 |       0 |     655 |   0.0 |       0 |      13 |   0.0 |   947
               +---------+---------+-------+---------+---------+-------+---------
